PCL
HOUSTON HAMMERTIME @ SANTA MONICA BRUINS
08/18/2026
 
TOP OF THE 1ST
Houston Hammertime batting - Pitching for Santa Monica Bruins : LHP Takao Uchida
Pitching: LHP Takao Uchida
Batting: LHB Tony Tavárez 0-0: Ball
1-0: Swinging Strike
1-1: Swinging Strike
1-2: Fly out, F9 (Flyball, 89M)
Batting: RHB Richard Coker 0-0: Called Strike
0-1: Ball
1-1: Swinging Strike
1-2: Ball
2-2: Strikes out looking
Batting: RHB Mario Beltrán 0-0: Swinging Strike
0-1: Ball
1-1: Ball
2-1: Foul Ball, location: 2F
2-2: Foul Ball, location: 2F
2-2: Strikes out swinging
Top of the 1st over - 0 run(s), 0 hit(s), 0 error(s), 0 left on base; Houston 0 - Santa Monica 0
BOTTOM OF THE 1ST
Santa Monica Bruins batting - Pitching for Houston Hammertime : LHP Millard Curtis
Pitching: LHP Millard Curtis
Batting: RHB António López 0-0: Foul Ball, location: 2F
0-1: Fly out, F7 (Flyball, 78M)
Batting: RHB Griswold Coleman 0-0: Called Strike
0-1: Called Strike
0-2: Ground out 6-3 (Groundball, 6)
Batting: LHB Ray Bryant 0-0: Ball
1-0: Called Strike
1-1: Ball
2-1: Swinging Strike
2-2: Ball
3-2: Foul Ball, location: 2F
3-2: Strikes out swinging
Bottom of the 1st over - 0 run(s), 0 hit(s), 0 error(s), 0 left on base; Houston 0 - Santa Monica 0
TOP OF THE 2ND
Houston Hammertime batting - Pitching for Santa Monica Bruins : LHP Takao Uchida
Batting: RHB Dan Mason 0-0: Called Strike
0-1: Called Strike
0-2: Ball
1-2: Foul Ball, location: 2F
1-2: Fly out, F8 (Flyball, 8LXD)
Batting: RHB Domingo Matos 0-0: Foul Ball, location: 2F
0-1: Ball
1-1: Foul Ball, location: 2F
1-2: Ball
2-2: Strikes out swinging
Batting: LHB Bartolo Villanueva 0-0: Called Strike
0-1: Ball
1-1: Called Strike
1-2: Strikes out looking
Top of the 2nd over - 0 run(s), 0 hit(s), 0 error(s), 0 left on base; Houston 0 - Santa Monica 0
BOTTOM OF THE 2ND
Santa Monica Bruins batting - Pitching for Houston Hammertime : LHP Millard Curtis
Batting: RHB Luis Martínez 0-0: Fly out, F3 (Popup, 3DF)
Batting: LHB Harry Pitts 0-0: Ball
1-0: Foul Ball, location: 2F
1-1: Foul Ball, location: 2F
1-2: Ball
2-2: Foul Ball, location: 2F
2-2: Strikes out swinging
Batting: LHB Jeffrey Satterley 0-0: Ball
1-0: Foul Ball, location: 2F
1-1: Called Strike
1-2: Strikes out swinging
Bottom of the 2nd over - 0 run(s), 0 hit(s), 0 error(s), 0 left on base; Houston 0 - Santa Monica 0
TOP OF THE 3RD
Houston Hammertime batting - Pitching for Santa Monica Bruins : LHP Takao Uchida
Batting: LHB José Villegas 0-0: Swinging Strike
0-1: Foul Ball, location: 2F
0-2: Ball
1-2: Strikes out swinging
Batting: LHB Fernando Camacho 0-0: Ball
1-0: Fly out, F3 (Popup, 3F)
Batting: RHB Pepe González 0-0: Ball
1-0: Ball
2-0: Called Strike
2-1: Foul Ball, location: 2F
2-2: Ball
3-2: Fly out, F9 (Flyball, 89M)
Top of the 3rd over - 0 run(s), 0 hit(s), 0 error(s), 0 left on base; Houston 0 - Santa Monica 0
BOTTOM OF THE 3RD
Santa Monica Bruins batting - Pitching for Houston Hammertime : LHP Millard Curtis
Batting: RHB Francisco Castillo 0-0: Called Strike
0-1: Swinging Strike
0-2: Ball
1-2: Ball
2-2: Foul Ball, location: 2F
2-2: Strikes out swinging
Batting: RHB Fletcher Reed 0-0: Called Strike
0-1: Ball
1-1: Fly out, F5 (Popup, 13S)
Batting: RHB Pablo Peña 0-0: Ground out 6-3 (Groundball, 6)
Bottom of the 3rd over - 0 run(s), 0 hit(s), 0 error(s), 0 left on base; Houston 0 - Santa Monica 0
TOP OF THE 4TH
Houston Hammertime batting - Pitching for Santa Monica Bruins : LHP Takao Uchida
Batting: LHB Tony Tavárez 0-0: Foul Ball, location: 2F
0-1: Foul Ball, location: 2F
0-2: Ball
1-2: Foul Ball, location: 2F
1-2: Strikes out swinging
Batting: RHB Richard Coker 0-0: Called Strike
0-1: Foul Ball, location: 2F
0-2: Ball
1-2: Ball
2-2: Ball
3-2: Base on Balls
Batting: RHB Mario Beltrán 0-0: Ball
1-0: Ball
2-0: Called Strike
2-1: Ball
3-1: Foul Ball, location: 2F
3-2: Foul Ball, location: 2F
3-2: Foul Ball, location: 2F
3-2: Base on Balls
Richard Coker to second
Batting: RHB Dan Mason 0-0: Called Strike
0-1: Fly out, F8 (Flyball, 8RM)
Batting: RHB Domingo Matos 0-0: Ball
1-0: Foul Ball, location: 2F
1-1: Foul Ball, location: 2F
1-2: Ball
2-2: Strikes out swinging
Top of the 4th over - 0 run(s), 0 hit(s), 0 error(s), 2 left on base; Houston 0 - Santa Monica 0
BOTTOM OF THE 4TH
Santa Monica Bruins batting - Pitching for Houston Hammertime : LHP Millard Curtis
Batting: RHB António López 0-0: SINGLE (Line Drive, 7S)
Batting: RHB Griswold Coleman 0-0: Ball
António López is caught stealing 2nd base
1-0: Ball
2-0: Ball
3-0: Base on Balls
Batting: LHB Ray Bryant 0-0: Called Strike
0-1: Foul Ball, location: 2F
0-2: Ball
1-2: Ball
2-2: Foul Ball, location: 2F
2-2: Ball
3-2: Base on Balls
Griswold Coleman to second
Batting: RHB Luis Martínez 0-0: Called Strike
0-1: Swinging Strike
0-2: Ball
1-2: Ball
2-2: Fly out, F7 (Line Drive, 78S)
Batting: LHB Harry Pitts 0-0: Ball
1-0: Called Strike
1-1: Foul Ball, location: 2F
1-2: SINGLE (Line Drive, 9S)
Griswold Coleman to third
Ray Bryant to second
Runner from 3rd tries for Home, SAFE, throw made home
Batting: LHB Jeffrey Satterley 0-0: Ball
1-0: Ball
2-0: Called Strike
2-1: 3-RUN HOME RUN (Flyball, 9D), Distance : 360 ft
Batting: RHB Francisco Castillo 0-0: Fly out, F9 (Flyball, 9LS)
Bottom of the 4th over - 4 run(s), 3 hit(s), 0 error(s), 0 left on base; Houston 0 - Santa Monica 4
TOP OF THE 5TH
Houston Hammertime batting - Pitching for Santa Monica Bruins : LHP Takao Uchida
Batting: LHB Bartolo Villanueva 0-0: Swinging Strike
0-1: Called Strike
0-2: Foul Ball, location: 2F
0-2: Ball
1-2: Ball
2-2: Strikes out swinging
Batting: LHB José Villegas 0-0: Ball
1-0: Fly out, F4 (Popup, 4D)
Batting: LHB Fernando Camacho 0-0: Foul Ball, location: 2F
0-1: Ball
1-1: Ball
2-1: Fly out, F7 (Flyball, 7D)
Top of the 5th over - 0 run(s), 0 hit(s), 0 error(s), 0 left on base; Houston 0 - Santa Monica 4
BOTTOM OF THE 5TH
Santa Monica Bruins batting - Pitching for Houston Hammertime : LHP Millard Curtis
Batting: RHB Fletcher Reed 0-0: SOLO HOME RUN (Line Drive, 7D), Distance : 369 ft
Batting: RHB Pablo Peña 0-0: Foul Ball, location: 2F
0-1: Called Strike
0-2: Strikes out looking
Batting: RHB António López 0-0: Ball
1-0: Called Strike
1-1: Ball
2-1: SINGLE (Line Drive, 8RS)
Batting: RHB Griswold Coleman 0-0: Swinging Strike
0-1: SINGLE (Groundball, 5L)
António López to second
Batting: LHB Ray Bryant 0-0: Ball
1-0: Called Strike
1-1: Fielders Choice at 2nd, 3-6 (Groundball, 3)
António López to third
Batting: RHB Luis Martínez 0-0: Ball
1-0: Swinging Strike
1-1: Called Strike
1-2: Ball
2-2: Ball
3-2: Ground out 5-3 (Groundball, 56S)
Bottom of the 5th over - 1 run(s), 3 hit(s), 0 error(s), 2 left on base; Houston 0 - Santa Monica 5
TOP OF THE 6TH
Houston Hammertime batting - Pitching for Santa Monica Bruins : LHP Takao Uchida
Batting: RHB Pepe González 0-0: Called Strike
0-1: Ball
1-1: Ball
2-1: Ball
3-1: Base on Balls
Batting: LHB Tony Tavárez 0-0: Foul Ball, location: 2F
0-1: Ball
1-1: Foul Ball, location: 2F
1-2: Ball
2-2: Ball
3-2: Strikes out swinging
Batting: RHB Richard Coker 0-0: Ball
1-0: Swinging Strike
1-1: Swinging Strike
1-2: Strikes out looking
Batting: RHB Mario Beltrán 0-0: Ball
1-0: Called Strike
1-1: Called Strike
1-2: Strikes out swinging
Top of the 6th over - 0 run(s), 0 hit(s), 0 error(s), 1 left on base; Houston 0 - Santa Monica 5
BOTTOM OF THE 6TH
Santa Monica Bruins batting - Pitching for Houston Hammertime : LHP Millard Curtis
Batting: LHB Harry Pitts 0-0: Ball
1-0: Ball
2-0: Called Strike
2-1: Foul Ball, location: 2F
2-2: Foul Ball, location: 2F
2-2: Ground out U3 (Groundball, 3)
Batting: LHB Jeffrey Satterley 0-0: Called Strike
0-1: Swinging Strike
0-2: Ball
1-2: Ball
2-2: Ball
3-2: Strikes out looking
Batting: RHB Francisco Castillo 0-0: Fly out, F9 (Flyball, 9M)
Bottom of the 6th over - 0 run(s), 0 hit(s), 0 error(s), 0 left on base; Houston 0 - Santa Monica 5
TOP OF THE 7TH
Houston Hammertime batting - Pitching for Santa Monica Bruins : LHP Takao Uchida
Now at 1B: Noriaki Sangi
Batting: RHB Dan Mason 0-0: Ball
1-0: Ground out 5-3 (Groundball, 5L)
Batting: RHB Domingo Matos 0-0: Foul Ball, location: 2F
0-1: Foul Ball, location: 2F
0-2: Ball
1-2: Ball
2-2: Ball
3-2: Base on Balls
Batting: LHB Bartolo Villanueva 0-0: Foul Ball, location: 2F
0-1: Foul Ball, location: 2F
0-2: Strikes out swinging
Batting: LHB José Villegas 0-0: Ball
1-0: Swinging Strike
1-1: Ball
2-1: Foul Ball, location: 2F
2-2: Strikes out swinging
Top of the 7th over - 0 run(s), 0 hit(s), 0 error(s), 1 left on base; Houston 0 - Santa Monica 5
BOTTOM OF THE 7TH
Santa Monica Bruins batting - Pitching for Houston Hammertime : LHP Millard Curtis
Batting: RHB Fletcher Reed 0-0: Ball
1-0: Ball
2-0: Called Strike
2-1: Called Strike
2-2: Foul Ball, location: 2F
2-2: Ball
3-2: SINGLE (Line Drive, 78S)
Pitching: RHP León Gómez
Batting: RHB Pablo Peña 0-0: Sac Bunt - play at first, batter OUT! 2-3
Fletcher Reed to second
Batting: RHB António López 0-0: Called Strike
0-1: Ball
1-1: Called Strike
1-2: Ground out 6-3 (Groundball, 6)
Fletcher Reed to third
Batting: RHB Griswold Coleman 0-0: DOUBLE (Flyball, 8LXD)
Fletcher Reed scores
Batting: LHB Ray Bryant 0-0: Ball
1-0: Foul Ball, location: 2F
1-1: Ball
2-1: Foul Ball, location: 2F
2-2: Foul Ball, location: 2F
2-2: Strikes out swinging
Bottom of the 7th over - 1 run(s), 2 hit(s), 0 error(s), 1 left on base; Houston 0 - Santa Monica 6
TOP OF THE 8TH
Houston Hammertime batting - Pitching for Santa Monica Bruins : LHP Takao Uchida
Now at 2B: Armando Colón
Batting: LHB Fernando Camacho 0-0: Fly out, F9 (Line Drive, 9M)
Batting: RHB Pepe González 0-0: Ball
1-0: Ball
2-0: Called Strike
2-1: Ball
3-1: Called Strike
3-2: Fly out, F4 (Popup, 34D)
Batting: LHB Tony Tavárez 0-0: Called Strike
0-1: Ball
1-1: Ball
2-1: Fly out, F5 (Popup, 5F)
Top of the 8th over - 0 run(s), 0 hit(s), 0 error(s), 0 left on base; Houston 0 - Santa Monica 6
BOTTOM OF THE 8TH
Santa Monica Bruins batting - Pitching for Houston Hammertime : RHP León Gómez
Batting: LHB Noriaki Sangi 0-0: Foul Ball, location: 2F
0-1: Called Strike
0-2: Ball
1-2: Strikes out swinging
Batting: LHB Harry Pitts 0-0: Ball
1-0: Ball
2-0: Called Strike
2-1: SINGLE (Groundball, 4MD)
Batting: LHB Jeffrey Satterley 0-0: Called Strike
0-1: Called Strike
0-2: Ball
Harry Pitts is caught stealing 2nd base
1-2: Strikes out swinging
Bottom of the 8th over - 0 run(s), 1 hit(s), 0 error(s), 0 left on base; Houston 0 - Santa Monica 6
TOP OF THE 9TH
Houston Hammertime batting - Pitching for Santa Monica Bruins : LHP Takao Uchida
Batting: RHB Richard Coker 0-0: Ball
1-0: Foul Ball, location: 2F
1-1: Ball
2-1: Foul Ball, location: 2F
2-2: Fly out, F8 (Line Drive, 8LM)
Batting: RHB Mario Beltrán 0-0: Called Strike
0-1: Ground out 5-3 (Groundball, 5S)
Batting: RHB Dan Mason 0-0: Called Strike
0-1: Ball
1-1: Ball
2-1: Ball
3-1: Base on Balls
Batting: RHB Domingo Matos 0-0: Ball
1-0: Ball
2-0: Called Strike
2-1: Ball
3-1: Base on Balls
Dan Mason to second
Batting: LHB Bartolo Villanueva 0-0: Ball
1-0: Swinging Strike
1-1: Called Strike
1-2: Fly out, F8 (Flyball, 8RM)
Top of the 9th over - 0 run(s), 0 hit(s), 0 error(s), 2 left on base; Houston 0 - Santa Monica 6
Monday, December 5th, 2016 - OOTP Baseball 17.12 Build 75